 Dungeon Crawl Stone Soup version 0.19-a0-1740-g0bcaf2e (webtiles) character file.

8917 Miyamura the Cudgeler (level 11, -9/94 HPs)
             Began as a Troll Fighter on Oct 1, 2016.
             Was a Priest of Okawaru.
             Mangled by an ettin
             ... wielding a +0 dire flail
              (36 damage)
             ... on level 1 of the Orcish Mines.
             The game lasted 00:34:33 (11863 turns).

Miyamura the Cudgeler (Troll Fighter)              Turns: 11863, Time: 00:34:34

Health: -9/94      AC:  8    Str: 29 (30) XL:     11   Next: 16%
Magic:  10/10      EV: 10    Int:  6      God:    Okawaru [***...]
Gold:   139        SH: 17    Dex: 13      Spells: 0 memorised, 10 levels left

rFire  + . .     SeeInvis .     S - +9 scimitar of the Ring {drain, Fragile MR+ Str+6 Dex+3}
rCold  + . .     Gourm    +     b - +0 robe
rNeg   . . .     Faith    .     p - +0 large shield
rPois  .         Spirit   .     E - +1 hat
rElec  .         Dismiss  .     K - +1 cloak
rCorr  .         Reflect  .     (gloves unavailable)
MR     +....     Harm     .     (boots unavailable)
Stlth  +.........               C - amulet of magic regeneration
                                o - ring of protection from fire
                                A - ring of protection from cold

@: no status effects
A: unfitting armour, claws 3, horns 1, deterioration 1, fast metabolism 3, frail
1, gourmand, regeneration 1, shaggy fur 1, tough skin 2, weak 1
a: Heroism, Renounce Religion


You were on level 1 of the Orcish Mines.
You worshipped Okawaru.
Okawaru was most pleased with you.
You were full.

You visited 3 branches of the dungeon, and saw 13 of its levels.
You also visited: Sewer and Ossuary.

You collected 703 gold pieces.
You spent 564 gold pieces at shops.

Inventory:

Hand Weapons
 r - a +4 mace
 u - a +0 flail of protection
 S - the +9 scimitar of the Ring (weapon) {drain, Fragile MR+ Str+6 Dex+3}
   (You bought it in a shop on level 8 of the Dungeon)

   A truly terrible weapon, it drains the life of those it strikes.
   It affects your strength (+6).
   It affects your dexterity (+3).
   It affects your resistance to hostile enchantments.
   It will be destroyed if unequipped.
Missiles
 l - 325 stones (quivered)
Armour
 b - a +0 robe (worn)
 d - the +0 robe of the Dice {rPois MR- Regen+}
   (You bought it in a shop on level 5 of the Dungeon)

   It protects you from poison.
   It affects your resistance to hostile enchantments.
   It increases your rate of regeneration.
 p - a +0 large shield (worn)
 E - a +1 hat (worn)
 K - a +1 cloak (worn)
Jewellery
 o - a ring of protection from fire (right claw)
 A - a ring of protection from cold (left claw)
 C - an amulet of magic regeneration (around neck)
Wands
 w - a wand of iceblast (3/15)
 x - a wand of confusion (28/48)
 z - a wand of polymorph (7/24)
 L - a wand of iceblast (4/15)
 M - a wand of iceblast (4/15)
 N - a wand of confusion (19/48)
 U - a wand of digging (15/24)
 V - a wand of digging (7/24)
Scrolls
 a - 13 scrolls of teleportation
 c - 2 scrolls of fear
 e - 7 scrolls of remove curse
 i - a scroll of brand weapon
 m - 7 scrolls of immolation
 y - 5 scrolls of magic mapping
 B - 4 scrolls of fog
 G - a scroll of recharging {unknown}
 I - a scroll of enchant weapon
 J - a scroll of noise {unknown}
 Q - a scroll of enchant armour {unknown}
Potions
 h - 7 potions of lignification
 j - 2 potions of agility
 n - 3 potions of curing
 q - a potion of flight
 t - 2 potions of haste
 v - 4 potions of might
 D - 4 potions of magic
 H - a potion of resistance
 O - a potion of ambrosia {unknown}
 P - 2 potions of berserk rage
 R - a potion of heal wounds
 W - a potion of invisibility {unknown}
Books
 F - a book of Callings

   Spells                             Type                      Level
   a - Summon Small Mammal            Summoning                    1
   b - Call Imp                       Summoning                    2
   c - Call Canine Familiar           Summoning                    3
   d - Summon Guardian Golem          Hexes/Summoning              3
   e - Summon Lightning Spire         Summoning/Air                4
   f - Summon Ice Beast               Ice/Summoning                4
Comestibles
 f - 6 bread rations
 g - 4 meat rations
 k - 3 beef jerkies
 s - 2 slices of pizza
 T - 4 fruits


   Skills:
 - Level 6.2 Fighting
 + Level 5.8 Long Blades
 - Level 6.7 Maces & Flails
 - Level 5.9 Armour
 - Level 6.5 Dodging
 - Level 6.6 Shields


You had 10 spell levels left.
You didn't know any spells.

Dungeon Overview and Level Annotations

Branches:
Dungeon (11/15)            Temple (1/1) D:5            Lair (0/6) D:11
    Orc (1/2) D:9

Altars:
Ashenzari
Cheibriados
Dithmenos
Elyvilon
Fedhas
Gozag
Hepliaklqana
Kikubaaqudgha
Makhleb
Nemelex Xobeh
Okawaru
Qazlal
Ru
Sif Muna
Trog
Uskayaw
Vehumet
Xom
Yredelemnul
Zin
The Shining One

Shops:
D:5 *[([(   D:6 !   D:8 (   D:9 (

Annotations:
D:11 Psyche


Innate Abilities, Weirdness & Mutations

You are too large for most types of armour.
You have claws for hands.
Your metabolism is lightning-fast.
You like to eat raw meat.
Your natural rate of healing is unusually fast.
You are covered in fur. (AC +1)
You have very tough skin. (AC +2)
You have a pair of small horns on your head.
Your body sometimes deteriorates upon taking damage.
You are frail. (-10% HP)
You are weak. (Str -2)


Message History

An ettin comes into view. It is wielding two dire flails.
An ettin is nearby!
An ettin is nearby!
An ettin is nearby!
The ettin shouts in stereo!
You hear a shout! x2
Found a stone staircase leading down.
You slash the ettin! You headbutt the ettin.
The ettin is moderately wounded.
The ettin hits you with a dire flail!! The ettin hits you but does no damage.
You slash the ettin! You drain the ettin!
You headbutt the ettin, but do no damage.
The ettin is severely wounded.
You block the ettin's attack. x2
An orc comes into view. It is wielding a dagger.
You hit the ettin. Your headbutt misses the ettin.
The ettin is severely wounded.
The ettin hits you with a dire flail!!!
* * * LOW HITPOINT WARNING * * *
The ettin hits you with a dire flail!!!
You die...

....$.. ###
###........
##.###..#.......
#..<............
##..)...........
##^..#.........
#.(.........#
##.#.(.....#...
#....#.@.......
#......##C..#...
##.#..## #......
##...# ......
##.## ..... ###
..... #o.. .>.


You could see an ettin and an orc.

Vanquished Creatures
  Harold (D:9)
  An ugly thing (D:9)
  The ghost of IKeelU2 the Basher, a novice OgBe of Trog (D:4)
  An elephant (D:11)
  2 two-headed ogres
  4 yaks
  2 hungry ghosts
  The ghost of Bronet the Slasher, an amateur HuSk of Zin (D:3)
  Duvessa (D:5)
  3 orc warriors
  3 ice beasts
  2 sky beasts
  2 phantoms
  A black bear (D:7)
  4 ogres
  An eye of draining (D:9)
  A necrophage (D:8)
  8 centaurs
  7 big kobolds
  4 bullfrogs
  Dowan (D:5)
  A wyvern skeleton (D:10)
  3 scorpions
  2 troll zombies (D:9)
  4 killer bees (D:7)
  3 howler monkeys
  A crimson imp (D:6)
  A centaur zombie (Ossuary)
  4 hounds
  3 quasits
  9 orc priests
  8 orc wizards
  2 jellies
  2 human zombies (Ossuary)
  A bullfrog skeleton (D:7)
  6 iguanas
  9 worker ants
  A killer bee zombie (D:7)
  6 ogre zombies (D:9)
  3 hound skeletons
  3 mummies (Ossuary)
  A howler monkey zombie (D:8)
  A worker ant zombie (D:7)
  14 adders
  A howler monkey skeleton (D:9)
  13 gnolls
  2 shadow imps
  3 oozes
  An adder zombie (D:10)
  An adder skeleton (D:4)
  5 worms
  3 dart slugs
  4 leopard geckos
  43 orcs
  2 ball pythons
  6 giant cockroaches
  A gnoll zombie (Ossuary)
  31 goblins
  34 hobgoblins
  11 jackals
  11 quokkas
  7 bats
  4 frilled lizards
  A goblin skeleton (D:9)
  4 goblin zombies
  2 hobgoblin skeletons (D:9)
  3 hobgoblin zombies (D:9)
  A jackal skeleton (D:7)
  19 kobolds
  A kobold zombie (Ossuary)
  2 orc skeletons (D:9)
  16 orc zombies
  2 quokka skeletons (D:8)
  13 rats
386 creatures vanquished.

Vanquished Creatures (others)
  A sky beast (D:8)
1 creature vanquished.

Grand Total: 387 creatures vanquished

Notes
Turn   | Place    | Note
-------+----------+-------------------------------------------
     0 | D:1      | Miyamura the Troll Fighter began the quest for the Orb.
     0 | D:1      | Reached XP level 1. HP: 22/22 MP: 0/0
    94 | D:1      | Reached XP level 2. HP: 29/29 MP: 1/1
   442 | D:1      | Reached skill level 1 in Armour
   526 | D:1      | Reached XP level 3. HP: 32/36 MP: 2/2
  1127 | D:2      | Reached XP level 4. HP: 32/44 MP: 3/3
  1336 | D:2      | Found a faded altar of an unknown god.
  1840 | D:3      | Found a shattered altar of Ashenzari.
  2023 | D:3      | Noticed Bronet's ghost (amateur HuSk)
  2073 | D:3      | Killed Bronet's ghost
  2073 | D:3      | Reached XP level 5. HP: 40/53 MP: 4/4
  2349 | D:3      | Reached XP level 6. HP: 61/61 MP: 5/5
  2760 | D:4      | Noticed IKeelU2's ghost (novice OgBe)
  2915 | D:4      | HP: 3/61 [centaur (10)]
  2915 | D:4      | HP: 1/61 [worm (2)]
  3746 | D:4      | Reached XP level 7. HP: 61/67 MP: 6/6
  4468 | D:4      | Killed IKeelU2's ghost
  4481 | D:4      | Reached XP level 8. HP: 76/78 MP: 7/7
  5303 | D:5      | Entered Level 5 of the Dungeon
  5386 | D:5      | Found Totuyworgh's Antique Weapon Boutique.
  5409 | D:5      | Bought a runed flail for 108 gold pieces
  5495 | D:5      | Found a glowing drain.
  5503 | Sewer    | Entered a sewer
  5869 | D:5      | Found Ysyu's Antique Armour Shop.
  5896 | D:5      | Reached skill level 5 in Shields
  5905 | D:5      | Found Bitijaj's Antique Armour Boutique.
  5913 | D:5      | Bought a shadowed robe for 119 gold pieces
  5923 | D:5      | Identified the +0 robe of the Dice {rPois MR- Regen+} (You bought it in a shop on level 5 of the Dungeon)
  5985 | D:5      | Found a staircase to the Ecumenical Temple.
  6051 | D:5      | Found a shadowy altar of Dithmenos.
  6083 | D:5      | Reached skill level 5 in Maces & Flails
  6142 | D:5      | Found Woyn's Assorted Antiques.
  6147 | D:5      | Bought a scroll of identify for 62 gold pieces
  6147 | D:5      | Bought 3 scrolls labeled REDAIT DELE for 93 gold pieces
  6162 | D:5      | Found Leeress's Weapon Shoppe.
  6174 | D:5      | Noticed Duvessa
  6177 | D:5      | Noticed Dowan
  6187 | D:5      | Killed Duvessa
  6208 | D:5      | Killed Dowan
  6208 | D:5      | Reached XP level 9. HP: 46/85 MP: 8/8
  6236 | D:5      | Reached skill level 5 in Dodging
  6352 | D:5      | Found a hazy altar of Hepliaklqana.
  6352 | D:5      | Found a deep blue altar of Sif Muna.
  6357 | D:5      | Found a sparkling altar of Nemelex Xobeh.
  6357 | D:5      | Found a snail-covered altar of Cheibriados.
  6360 | D:5      | Found a stormy altar of Qazlal.
  6361 | D:5      | Found a blossoming altar of Fedhas.
  6362 | D:5      | Found a radiant altar of Vehumet.
  6738 | D:6      | Reached skill level 5 in Fighting
  6867 | D:6      | Found Inkevot's Distillery.
  6875 | D:6      | Bought a potion of degeneration for 11 gold pieces
  7539 | D:7      | Reached skill level 5 in Armour
  8094 | D:8      | Found a sand-covered staircase.
  8100 | Ossuary  | Entered an ossuary
  8338 | D:8      | Gained mutation: Your body sometimes deteriorates upon taking damage. [mutagenic meat]
  8341 | D:8      | Gained mutation: You have a pair of small horns on your head. [mutagenic meat]
  8344 | D:8      | Gained mutation: You are weak. (Str -2) [mutagenic meat]
  8347 | D:8      | Gained mutation: You are frail. (-10% HP) [mutagenic meat]
  8780 | D:8      | Reached XP level 10. HP: 77/87 MP: 9/9
  8938 | D:8      | Found Hamuwob's Antique Weapon Boutique.
  9208 | D:9      | Found Lyloj's Weapon Shoppe.
  9364 | Temple   | Entered the Ecumenical Temple
  9477 | Temple   | Became a worshipper of Warmaster Okawaru
 10118 | D:8      | You fall through a shaft for 3 floors!
 10118 | D:11     | Noticed Psyche
 10122 | D:11     | Found a staircase to the Lair.
 10122 | D:11     | Noticed an elephant
 10147 | D:11     | Killed an elephant
 10224 | D:10     | Entered Level 10 of the Dungeon
 10425 | D:10     | Reached * piety under Okawaru
 10911 | D:8      | Bought a jewelled scimitar for 171 gold pieces
 10911 | D:8      | Identified the +9 scimitar of the Ring {drain, Fragile MR+ Str+6 Dex+3} (You bought it in a shop on level 8 of the Dungeon)
 11103 | D:8      | Reached skill level 1 in Long Blades
 11350 | D:9      | Reached ** piety under Okawaru
 11498 | D:9      | Found a shimmering altar of Xom.
 11505 | D:9      | Noticed a red ugly thing
 11519 | D:9      | Killed a red ugly thing
 11546 | D:9      | Reached XP level 11. HP: 55/94 MP: 10/10
 11593 | D:9      | Reached skill level 5 in Long Blades
 11627 | D:9      | Reached *** piety under Okawaru
 11651 | D:9      | Found a staircase to the Orcish Mines.
 11676 | Orc:1    | Entered Level 1 of the Orcish Mines
 11794 | Orc:1    | Noticed Harold
 11816 | D:9      | Killed Harold
 11860 | Orc:1    | Noticed an ettin
 11863 | Orc:1    | Mangled by an ettin

Vault maps used:
D:1:      minmay_arrival_nine_rooms, minmay_octomino_e4
D:2:      ecumenical_altar_1, minivault_4
D:3:      evilmike_ruin_ashenzari
D:4:      minmay_goblin_kobold_castle, first_bread, minmay_goblin_kobold_house
D:5:      grunt_dithmenos_shadows, minitemple, serial_glass, glass_columns_c,
          glass_columns_a, glass_columns_a, glass_columns_c, glass_columns_a,
          glass_columns_a, glass_columns_a, glass_columns_b, serial_shops, shop,
          nicolae_shop_overgrown_old_shop, shop, shop, shop,
          lightli_sewer_entry_pipes, uniq_duvessa
D:6:      serial_shops, nicolae_shop_crystal, minmay_misc_feat_four_crosses
D:7:      serial_aquarium, aquarium_bridge_square, aquarium_window_fake,
          aquarium_window_2, aquarium_view_2b
D:8:      enter_ossuary_5, serial_shops, shop
D:9:      zombieorc2_lemuel, basic_altar, serial_shops, kennysheep_mini,
          minmay_unpleasant_kobolds
D:11:     david_lair_generic, hangedman_fish_farm, uniq_nergalle, uniq_psyche
Temple:   dshaligram_water_room_temple
Orc:1:    uniq_harold
Sewer:    sewer_co_15_rooms
Ossuary:  ossuary_crypta

Skill      XL: |  1  2  3  4  5  6  7  8  9 10 11 |
---------------+----------------------------------+-----
Armour         | 1 2 3 4 5 |  5.9
Maces & Flails | 2 3 4 5 6 |  6.7
Shields        | 3 4 5 6 |  6.6
Fighting       | 3 4 5 6 |  6.2
Dodging        | 3 4 6 |  6.5
Long Blades    | 4 5 |  5.8

Action                   |  1- 3 |  4- 6 |  7- 9 | 10-12 || total
-------------------------+-------+-------+-------+-------++-------
Melee: Flail             |   164 |   354 |    55 |       ||   573
       Mace              |       |       |   648 |   200 ||   848
       Headbutt          |       |       |     4 |    66 ||    70
       Scimitar          |       |       |       |   162 ||   162
  Use: Potion            |     3 |     2 |     5 |     3 ||    13
       Scroll            |       |     8 |     6 |     5 ||    19
 Stab: Sleeping          |       |       |     1 |       ||     1
  Eat: Chunk             |    17 |    26 |    55 |    39 ||   137
Armor: Robe              |    76 |    78 |   165 |    67 ||   386
Dodge: Dodged            |    86 |    86 |   172 |    99 ||   443
Block: Shield            |    81 |    70 |       |       ||   151
       Large shield      |       |   193 |   609 |   324 ||  1126
